Devils vs Flyers

Created - Thursday, December 11, 2014 at 21:27

Goals
1 2 3 T
Devils 1 1 0 2
Flyers 3 3 0 6
Shots
1 2 3 T
Devils 10 16 11 37
Flyers 14 14 4 32

1st period

1. Devils , John Carlson 8 (Tyler Johnson, Drew Stafford) at 0:10
2. Flyers , P.K. Subban 9 (Mark Letestu) at 3:38
3. Flyers , Evgeni Malkin 17 (Taylor Hall, Kris Letang) at 6:48
4. Flyers , Jason Chimera 2 (Chris Kreider, Mark Letestu) at 10:01

Penalties :
Mark Stuart (NJD) for Roughing (Double Minor) at 5:16, P.K. Subban (Phi) for Hooking (Minor) at 5:43

2nd period

5. Devils , Drew Stafford 10 (Tyler Johnson) at 3:17 (PP)
6. Flyers , Niklas Kronwall 7 (Mikko Koivu, Bryan Little) at 3:42
7. Flyers , Niklas Kronwall 8 (Evgeni Malkin, Riley Nash) at 10:06
8. Flyers , Bryan Little 7 (Mikko Koivu) at 14:31

Penalties :
Slava Voynov (Phi) for Holding (Minor) at 3:08, Tyler Johnson (NJD) for Hooking (Minor) at 10:23

3rd period

No Goal

Penalties :
Gabriel Landeskog (Phi) for Tripping (Minor) at 1:41, Mark Stuart (NJD) for Roughing (Minor) at 7:05, Gabriel Landeskog (Phi) for Hooking (Minor) at 13:23

Goalie Stats

Jimmy Howard (NJD), 12 saves from 16 shots - (0.750), L, 8-11-3, 23:42 minutes
Thomas Greiss (NJD), 14 saves from 16 shots - (0.875), 36:18 minutes
Darcy Kuemper (Phi), 35 saves from 37 shots - (0.946), W, 6-1-0, 60:00 minutes

Players Stats for Devils

Player Name              G  A  P  +/- PIM S  H  SB GA TA FO     MP     PP MP  PK MP  
------------------------------------------------------------------------------------
Adam Burish              0  0  0  -1  0   1  1  1  0  0  3/7    15:18   0:00   3:17 
Alex Tanguay             0  0  0  -1  0   1  0  1  3  1  0/0    13:35   0:00   0:43 
Brent Seabrook           0  0  0  -2  0   2  1  3  2  0  0/0    23:21   1:43   3:24 
Chris Mueller            0  0  0  -1  0   1  1  0  0  0  0/0    11:01   0:00   0:22 
Drew Stafford            1  1  2  -1  0   5  2  0  2  1  2/5    19:30   2:17   4:27 
Grant Clitsome           0  0  0  -3  0   2  3  1  0  0  0/0    24:05   2:24   0:12 
Jamie McGinn             0  0  0  -2  0   6  0  0  2  0  1/2    12:53   0:00   0:00 
Jay Beagle               0  0  0  -1  0   0  0  1  0  0  5/10   14:29   1:50   0:48 
John Carlson             1  0  1  -1  0   5  0  1  0  0  0/0    19:05   2:24   2:47 
Kris Versteeg            0  0  0  -1  0   1  0  0  0  0  0/0     9:35   0:00   0:00 
Mark Stuart              0  0  0  -1  6   3  5  2  0  2  0/0    26:35   1:43   1:02 
Martin Erat              0  0  0  -2  0   1  0  0  1  0  0/0    12:53   0:00   0:00 
Matt Irwin               0  0  0  -2  0   0  0  0  0  0  0/0     7:19   0:00   0:00 
Patrik Berglund          0  0  0  -3  0   2  1  0  1  1  6/7    15:38   1:50   0:00 
Ryan Jones               0  0  0   0  0   0  1  1  1  1  0/1    14:04   2:17   0:00 
Tim Gleason              0  0  0  -1  0   1  2  3  0  2  0/0    20:06   0:00   4:31 
Tyler Johnson            0  2  2   0  2   4  0  0  3  0  9/14   18:21   2:17   1:34 
Ville Leino              0  0  0  -1  0   2  0  0  2  0  0/0    14:12   1:50   0:45 

Players Stats for Flyers

Player Name              G  A  P  +/- PIM S  H  SB GA TA FO     MP     PP MP  PK MP  
------------------------------------------------------------------------------------
Brian Strait             0  0  0   0  0   0  0  0  0  0  0/0     0:00   0:00   0:00 
Bryan Little             1  1  2   2  0   4  3  0  1  1  3/3    19:22   3:11   0:00 
Chris Kreider            0  1  1   2  0   5  1  1  2  0  1/2    12:58   0:24   0:00 
Daniel Winnik            0  0  0   1  0   0  1  0  0  0  0/0     9:09   0:00   0:37 
Dennis Seidenberg        0  0  0   1  0   2  1  1  0  0  0/0    17:09   0:00   3:34 
Evgeni Malkin            1  1  2   1  0   5  2  0  1  0  6/13   22:25   2:23   0:00 
Gabriel Landeskog        0  0  0   2  4   1  1  0  1  0  0/0    17:37   2:31   0:00 
Jack Johnson             0  0  0   0  0   0  0  1  1  3  0/0    19:42   0:00   3:34 
Jakub Voracek            0  0  0  -1  0   1  1  0  0  0  0/0    16:22   3:27   0:00 
Jason Chimera            1  0  1   2  0   3  1  1  1  0  0/1    16:04   0:00   3:30 
Kris Letang              0  1  1   4  0   1  1  3  0  2  0/0    23:21   3:04   0:33 
Mark Letestu             0  2  2   2  0   1  1  0  1  1  4/10   16:04   0:00   3:30 
Mikko Koivu              0  2  2   2  0   2  1  0  4  1  5/10   18:16   2:31   0:37 
Niklas Kronwall          2  0  2   3  0   5  2  1  0  1  0/0    23:14   2:54   0:33 
P.K. Subban              1  0  1   0  2   1  4  1  0  0  0/0    20:13   3:43   0:00 
Riley Nash               0  1  1   1  0   1  0  0  0  0  1/5     7:46   0:00   0:00 
Slava Voynov             0  0  0   2  2   0  3  0  0  0  0/0    16:59   2:54   0:00 
Taylor Hall              0  1  1   0  0   0  4  0  4  0  0/2    17:09   2:47   0:00 

3 Stars

1 - Niklas Kronwall (Phi)
2 - Bryan Little (Phi)
3 - Evgeni Malkin (Phi)

Power Play

Devils - 1 on 4 Attempt(s) - 25.00%
Flyers - 0 on 4 Attempt(s) - 0.00%

Penalty Kill

Devils - 4 on 4 Attempt(s) - 100.00% - Score 0 goal in Penalty Kill
Flyers - 3 on 4 Attempt(s) - 75.00% - Score 0 goal in Penalty Kill

Official

Referees : Unknown
Linesman : Unknown

Game Notes

Thomas Greiss enters game at 3:42 of 2nd period

Finance

Level 1 -- Attendance: 6000 (100.00%) -- Ticket Income $486,000
Level 2 -- Attendance: 3538 (70.76%) -- Ticket Income $198,128
Level 3 -- Attendance: 1966 (98.30%) -- Ticket Income $60,946
Level 4 -- Attendance: 3509 (87.73%) -- Ticket Income $66,671
Luxury Box -- Attendance: 1000 (100.00%) -- Ticket Income $180,000
Game was played at the Wachovia Center
Total Attendance: 16013 (88.96%)
Total Ticket Income: $991,745
Other Income: $485,955
Total Income: $1,477,700

Devils

5 vs 5 Forward 
   Center                   Left Wing                Right Wing               Time % Phy DF OF 
 1 Tyler Johnson            Ryan Jones               Drew Stafford            31     0   2  3  
 2 Patrik Berglund          Jamie McGinn             Martin Erat              28     0   2  3  
 3 Adam Burish              Ville Leino              Alex Tanguay             25     2   2  1  
 4 Jay Beagle               Kris Versteeg            Chris Mueller            16     2   2  1  

5 vs 5 Defense 
   Defense                  Defense                                           Time % Phy DF OF 
 1 John Carlson             Mark Stuart                                       33     1   3  1  
 2 Grant Clitsome           Brent Seabrook                                    33     0   2  3  
 3 Tim Gleason              Mark Stuart                                       33     2   2  1  
 4 Grant Clitsome           Matt Irwin                                        1      1   2  2  

PowerPlay Forward 
   Center                   Left Wing                Right Wing               Time % Phy DF OF 
 1 Tyler Johnson            Ryan Jones               Drew Stafford            60     0   0  5  
 2 Jay Beagle               Ville Leino              Patrik Berglund          40     0   0  5  

PowerPlay Defense
   Defense                  Defense                                           Time % Phy DF OF 
 1 John Carlson             Grant Clitsome                                    60     0   2  3  
 2 Brent Seabrook           Mark Stuart                                       40     0   2  3  

Penalty Kill 4 Players Forward 
   Center                   Wing                     Time % Phy DF OF 
 1 Drew Stafford            Tyler Johnson            60     0   4  1  
 2 Jay Beagle               Ville Leino              40     0   4  1  

Penalty Kill 4 Players Defense
   Defense                  Defense                  Time % Phy DF OF 
 1 Mark Stuart              John Carlson             60     1   4  0  
 2 Brent Seabrook           Tim Gleason              40     1   4  0  

Penalty Kill - 3 Players Forward 
   Forward                                           Time % Phy DF OF 
 1 Jay Beagle                                        60     0   5  0  
 2 Drew Stafford                                     40     0   5  0  

Penalty Kill - 3 Players Defense
   Defense                  Defense                  Time % Phy DF OF 
 1 Mark Stuart              John Carlson             60     0   5  0  
 2 Brent Seabrook           Tim Gleason              40     0   5  0  

4 vs 4 Forward 
   Center                   Wing                     Time % Phy DF OF 
 1 Jay Beagle               Tyler Johnson            60     1   2  2  
 2 Patrik Berglund          Drew Stafford            40     1   2  2  

4 vs 4 Defense
   Defense                  Defense                  Time % Phy DF OF 
 1 Brent Seabrook           Tim Gleason              60     1   2  2  
 2 Mark Stuart              John Carlson             40     1   2  2  

Last Minutes Offensive
   Center                   Left Wing                Right Wing               Defense                  Defense                  
   Tyler Johnson            Martin Erat              Drew Stafford            John Carlson             Brent Seabrook           

Last Minutes Defensive
   Center                   Left Wing                Right Wing               Defense                  Defense                  
   Tyler Johnson            Jamie McGinn             Alex Tanguay             Brent Seabrook           John Carlson             

Goaltenders
Starting : Jimmy Howard             
Backup : Thomas Greiss            

Extra Forwards
Normal : Adam Burish, Drew Stafford, Tyler Johnson - PP : Drew Stafford, Ville Leino - PK : Drew Stafford
Extra Defensemen
Normal : Brent Seabrook, John Carlson, Tim Gleason - PP : Mark Stuart - PK : Mark Stuart, Tim Gleason
Penalty Shots
Drew Stafford, Ville Leino, Ryan Jones, Jay Beagle, Tyler Johnson

Flyers

5 vs 5 Forward 
   Center                   Left Wing                Right Wing               Time % Phy DF OF 
 1 Evgeni Malkin            Taylor Hall              Jakub Voracek            36     0   0  5  
 2 Mikko Koivu              Gabriel Landeskog        Bryan Little             32     0   2  3  
 3 Mark Letestu             Chris Kreider            Jason Chimera            20     0   3  2  
 4 Riley Nash               Daniel Winnik            Evgeni Malkin            12     2   2  1  

5 vs 5 Defense 
   Defense                  Defense                                           Time % Phy DF OF 
 1 Jack Johnson             P.K. Subban                                       35     0   2  3  
 2 Kris Letang              Niklas Kronwall                                   35     0   2  3  
 3 Slava Voynov             Dennis Seidenberg                                 20     2   3  0  
 4 Slava Voynov             Dennis Seidenberg                                 10     1   4  0  

PowerPlay Forward 
   Center                   Left Wing                Right Wing               Time % Phy DF OF 
 1 Evgeni Malkin            Taylor Hall              Jakub Voracek            60     0   0  5  
 2 Mikko Koivu              Gabriel Landeskog        Bryan Little             40     0   0  5  

PowerPlay Defense
   Defense                  Defense                                           Time % Phy DF OF 
 1 Kris Letang              P.K. Subban                                       60     0   1  4  
 2 Slava Voynov             Niklas Kronwall                                   40     0   1  4  

Penalty Kill 4 Players Forward 
   Center                   Wing                     Time % Phy DF OF 
 1 Mark Letestu             Jason Chimera            60     0   4  1  
 2 Mikko Koivu              Daniel Winnik            40     0   5  0  

Penalty Kill 4 Players Defense
   Defense                  Defense                  Time % Phy DF OF 
 1 Jack Johnson             Dennis Seidenberg        60     0   4  1  
 2 Kris Letang              Niklas Kronwall          40     0   5  0  

Penalty Kill - 3 Players Forward 
   Forward                                           Time % Phy DF OF 
 1 Mark Letestu                                      50     0   5  0  
 2 Bryan Little                                      50     0   5  0  

Penalty Kill - 3 Players Defense
   Defense                  Defense                  Time % Phy DF OF 
 1 Jack Johnson             Dennis Seidenberg        60     0   5  0  
 2 Kris Letang              Niklas Kronwall          40     0   5  0  

4 vs 4 Forward 
   Center                   Wing                     Time % Phy DF OF 
 1 Evgeni Malkin            Taylor Hall              60     0   1  4  
 2 Bryan Little             Jakub Voracek            40     0   1  4  

4 vs 4 Defense
   Defense                  Defense                  Time % Phy DF OF 
 1 Kris Letang              P.K. Subban              60     1   3  1  
 2 Slava Voynov             Niklas Kronwall          40     1   3  1  

Last Minutes Offensive
   Center                   Left Wing                Right Wing               Defense                  Defense                  
   Evgeni Malkin            Taylor Hall              Jakub Voracek            Niklas Kronwall          P.K. Subban              

Last Minutes Defensive
   Center                   Left Wing                Right Wing               Defense                  Defense                  
   Mikko Koivu              Mark Letestu             Bryan Little             Jack Johnson             Niklas Kronwall          

Goaltenders
Starting : Darcy Kuemper            
Backup : Corey Crawford           

Extra Forwards
Normal : Evgeni Malkin, Taylor Hall, Jakub Voracek - PP : Chris Kreider, Mark Letestu - PK : Bryan Little
Extra Defensemen
Normal : Niklas Kronwall, Slava Voynov, Kris Letang - PP : Jack Johnson - PK : Slava Voynov, P.K. Subban
Penalty Shots
Taylor Hall, Bryan Little, Evgeni Malkin, Mikko Koivu, Gabriel Landeskog

% Time on Ice - Devils

Lines # - Real PCT - Wanted PCT - Time Play
Normal Forward
1 - 28% - 31% - 13:24
2 - 28% - 28% - 13:29
3 - 24% - 25% - 11:28
4 - 20% - 16% - 9:35
Normal Defense
1 - 26% - 33% - 12:41
2 - 30% - 33% - 14:24
3 - 28% - 33% - 13:32
4 - 15% - 1% - 7:19
PP Forward
1 - 55% - 60% - 2:17
2 - 45% - 40% - 1:50
PP Defense
1 - 58% - 60% - 2:24
2 - 42% - 40% - 1:43
PK Forward
1 - 87% - 60% - 5:13
2 - 13% - 40% - 0:45
PK Defense
1 - 43% - 60% - 2:34
2 - 57% - 40% - 3:24
PK3 Forward
1 - 0% - 60%
2 - 0% - 40%
PK3 Defense
1 - 0% - 60%
2 - 0% - 40%
44 Forward
1 - 84% - 60% - 1:40
2 - 16% - 40% - 0:19
44 Defense
1 - 39% - 60% - 0:46
2 - 61% - 40% - 1:13
Last Minute Offensive  - 0:00
Last Minute Defensive  - 0:00
Total
Forward - 60:00
Defense - 60:00

% Time on Ice - Flyers

Lines # - Real PCT - Wanted PCT - Time Play
Normal Forward
1 - 26% - 36% - 12:28
2 - 32% - 32% - 15:08
3 - 26% - 20% - 12:34
4 - 16% - 12% - 7:46
Normal Defense
1 - 34% - 35% - 16:30
2 - 37% - 35% - 17:51
3 - 19% - 20% - 9:20
4 - 9% - 10% - 4:15
PP Forward
1 - 47% - 60% - 2:47
2 - 53% - 40% - 3:11
PP Defense
1 - 51% - 60% - 3:04
2 - 49% - 40% - 2:54
PK Forward
1 - 85% - 60% - 3:30
2 - 15% - 40% - 0:37
PK Defense
1 - 87% - 60% - 3:34
2 - 13% - 40% - 0:33
PK3 Forward
1 - 0% - 50%
2 - 0% - 50%
PK3 Defense
1 - 0% - 60%
2 - 0% - 40%
44 Forward
1 - 77% - 60% - 1:32
2 - 23% - 40% - 0:27
44 Defense
1 - 76% - 60% - 1:31
2 - 24% - 40% - 0:28
Last Minute Offensive  - 0:00
Last Minute Defensive  - 0:00
Total
Forward - 60:00
Defense - 60:00

Play by Play

1st period


0:01 of 1st period - Tyler Johnson wins face-off versus Evgeni Malkin in neutral zone.
0:08 of 1st period - Wrist shot by Tyler Johnson.
0:08 of 1st period - Stopped by Darcy Kuemper with a rebound.
0:10 of 1st period - Slapshot by John Carlson.
0:10 of 1st period - Deflect By Jack Johnson.
0:10 of 1st period - Goal by John Carlson - Devils : 1 - Flyers : 0.
0:11 of 1st period - Patrik Berglund wins face-off versus Mikko Koivu in neutral zone.
1:04 of 1st period - Kris Letang is hit by Brent Seabrook and loses puck.
1:25 of 1st period - Mark Letestu is hit by Grant Clitsome and loses puck.
1:38 of 1st period - Tim Gleason is hit by Dennis Seidenberg and loses puck.
2:11 of 1st period - Snap shot by Tyler Johnson.
2:11 of 1st period - Stopped by Darcy Kuemper with a rebound.
2:22 of 1st period - John Carlson is hit by Slava Voynov.
2:31 of 1st period - Tyler Johnson is hit by Jakub Voracek and loses puck.
2:59 of 1st period - Chris Mueller is hit by Bryan Little and loses puck.
3:34 of 1st period - Wrist shot by Evgeni Malkin.
3:34 of 1st period - Stopped by Jimmy Howard without a rebound.
3:35 of 1st period - Mark Letestu wins face-off versus Patrik Berglund in Devils zone.
3:36 of 1st period - Snap shot by P.K. Subban.
3:36 of 1st period - Shot Hit the Post.
3:38 of 1st period - Snap shot by P.K. Subban.
3:38 of 1st period - Goal by P.K. Subban - Devils : 1 - Flyers : 1.
3:39 of 1st period - Adam Burish wins face-off versus Mark Letestu in neutral zone.
3:46 of 1st period - Dennis Seidenberg is hit by Adam Burish and loses puck.
4:16 of 1st period - Wrist shot by Chris Kreider.
4:16 of 1st period - Stopped by Jimmy Howard without a rebound.
4:17 of 1st period - Evgeni Malkin wins face-off versus Tyler Johnson in Devils zone.
4:40 of 1st period - Tim Gleason is hit by Taylor Hall and loses puck.
4:45 of 1st period - Snap shot by Evgeni Malkin.
4:45 of 1st period - Shot Blocked by Ryan Jones.
5:01 of 1st period - Snap shot by Mikko Koivu.
5:01 of 1st period - Shot Misses the Net.
5:03 of 1st period - Snap shot by Bryan Little.
5:03 of 1st period - Stopped by Jimmy Howard with a rebound.
5:05 of 1st period - Slapshot by P.K. Subban.
5:05 of 1st period - Shot Misses the Net.
5:07 of 1st period - Wrist shot by Bryan Little.
5:07 of 1st period - Shot Blocked by Mark Stuart.
5:09 of 1st period - Snap shot by P.K. Subban.
5:09 of 1st period - Shot Misses the Net.
5:16 of 1st period - Double Minor Penalty to Mark Stuart for Roughing.
5:17 of 1st period - Drew Stafford wins face-off versus Mikko Koivu in Devils zone.
5:43 of 1st period - Minor Penalty to P.K. Subban for Hooking.
5:44 of 1st period - Jay Beagle wins face-off versus Evgeni Malkin in Flyers zone.
5:56 of 1st period - Backhand shot by Brent Seabrook.
5:56 of 1st period - Shot Blocked by Kris Letang.
6:02 of 1st period - Slapshot by Tyler Johnson.
6:02 of 1st period - Shot Misses the Net.
6:48 of 1st period - Wrist shot by Evgeni Malkin.
6:48 of 1st period - Goal by Evgeni Malkin - Devils : 1 - Flyers : 2.
6:49 of 1st period - Bryan Little wins face-off versus Tyler Johnson in neutral zone.
6:54 of 1st period - Snap shot by Jakub Voracek.
6:54 of 1st period - Shot Blocked by John Carlson.
6:56 of 1st period - Slapshot by Niklas Kronwall.
6:56 of 1st period - Stopped by Jimmy Howard with a rebound.
6:58 of 1st period - Snap shot by Kris Letang.
6:58 of 1st period - Shot Misses the Net.
7:00 of 1st period - Snap shot by Niklas Kronwall.
7:00 of 1st period - Shot Blocked by Jay Beagle.
7:02 of 1st period - Wrist shot by Niklas Kronwall.
7:02 of 1st period - Stopped by Jimmy Howard with a rebound.
7:04 of 1st period - Slapshot by Kris Letang.
7:04 of 1st period - Shot Misses the Net.
7:06 of 1st period - Backhand shot by Niklas Kronwall.
7:06 of 1st period - Deflect By Bryan Little.
7:06 of 1st period - Shot Misses the Net.
7:06 of 1st period - Puck is out of play.
7:07 of 1st period - Bryan Little wins face-off versus Jay Beagle in Devils zone.
7:14 of 1st period - Wrist shot by Jakub Voracek.
7:14 of 1st period - Stopped by Jimmy Howard without a rebound.
7:15 of 1st period - Evgeni Malkin wins face-off versus Jay Beagle in Devils zone.
7:22 of 1st period - Slapshot by Evgeni Malkin.
7:22 of 1st period - Shot Misses the Net.
7:26 of 1st period - Snap shot by Evgeni Malkin.
7:26 of 1st period - Stopped by Jimmy Howard with a rebound.
7:43 of 1st period - Penalty to P.K. Subban is over, P.K. Subban is back on ice.
7:54 of 1st period - Drew Stafford is hit by Slava Voynov and loses puck.
8:07 of 1st period - Drew Stafford is hit by P.K. Subban and loses puck.
8:38 of 1st period - Tim Gleason is hit by Niklas Kronwall and loses puck.
8:49 of 1st period - Adam Burish is hit by Bryan Little and loses puck.
9:00 of 1st period - Kris Letang is hit by Drew Stafford.
9:16 of 1st period - Penalty to Mark Stuart is over, Mark Stuart is back on ice.
9:28 of 1st period - Snap shot by Chris Kreider.
9:28 of 1st period - Stopped by Jimmy Howard without a rebound.
9:29 of 1st period - Patrik Berglund wins face-off versus Mark Letestu in Devils zone.
9:29 of 1st period - Patrik Berglund is hit by P.K. Subban.
10:01 of 1st period - Snap shot by Jason Chimera.
10:01 of 1st period - Goal by Jason Chimera - Devils : 1 - Flyers : 3.
10:02 of 1st period - Jay Beagle wins face-off versus Evgeni Malkin in neutral zone.
10:54 of 1st period - Tim Gleason is hit by P.K. Subban and loses puck.
11:11 of 1st period - Snap shot by Jamie McGinn.
11:11 of 1st period - Stopped by Darcy Kuemper with a rebound.
11:13 of 1st period - Slapshot by Tim Gleason.
11:13 of 1st period - Deflect By Jamie McGinn.
11:13 of 1st period - Stopped by Darcy Kuemper without a rebound.
11:14 of 1st period - Tyler Johnson wins face-off versus Jason Chimera in Flyers zone.
11:29 of 1st period - Snap shot by Tyler Johnson.
11:29 of 1st period - Shot Misses the Net.
11:31 of 1st period - Slapshot by Brent Seabrook.
11:31 of 1st period - Stopped by Darcy Kuemper without a rebound.
11:32 of 1st period - Mark Letestu wins face-off versus Tyler Johnson in Flyers zone.
11:49 of 1st period - Snap shot by Tyler Johnson.
11:49 of 1st period - Stopped by Darcy Kuemper without a rebound.
11:50 of 1st period - Adam Burish wins face-off versus Evgeni Malkin in Flyers zone.
12:10 of 1st period - Wrist shot by Alex Tanguay.
12:10 of 1st period - Shot Misses the Net.
13:01 of 1st period - Backhand shot by Bryan Little.
13:01 of 1st period - Shot Misses the Net.
13:39 of 1st period - Grant Clitsome is hit by Jason Chimera and loses puck.
13:50 of 1st period - Snap shot by Jamie McGinn.
13:50 of 1st period - Stopped by Darcy Kuemper with a rebound.
15:39 of 1st period - Slava Voynov is hit by Chris Mueller and loses puck.
15:50 of 1st period - Snap shot by Jay Beagle.
15:50 of 1st period - Shot Misses the Net.
16:04 of 1st period - Dennis Seidenberg is hit by Tim Gleason and loses puck.
16:24 of 1st period - Off-side.
16:25 of 1st period - Jay Beagle wins face-off versus Mark Letestu in neutral zone.
16:42 of 1st period - Slapshot by P.K. Subban.
16:42 of 1st period - Shot Misses the Net.
16:44 of 1st period - Wrist shot by Mark Letestu.
16:44 of 1st period - Deflect By Chris Kreider.
16:44 of 1st period - Stopped by Jimmy Howard with a rebound.
17:37 of 1st period - Snap shot by Riley Nash.
17:37 of 1st period - Stopped by Jimmy Howard with a rebound.
17:39 of 1st period - Slapshot by Kris Letang.
17:39 of 1st period - Deflect By Evgeni Malkin.
17:39 of 1st period - Stopped by Jimmy Howard without a rebound.
17:40 of 1st period - Tyler Johnson wins face-off versus Riley Nash in Devils zone.
18:16 of 1st period - Ville Leino is hit by Chris Kreider and loses puck.
18:25 of 1st period - Slapshot by Alex Tanguay.
18:25 of 1st period - Stopped by Darcy Kuemper without a rebound.
18:26 of 1st period - Adam Burish wins face-off versus Chris Kreider in Flyers zone.
18:33 of 1st period - Wrist shot by Ville Leino.
18:33 of 1st period - Shot Misses the Net.
18:35 of 1st period - Slapshot by Mark Stuart.
18:35 of 1st period - Stopped by Darcy Kuemper without a rebound.
18:36 of 1st period - Mikko Koivu wins face-off versus Jay Beagle in Flyers zone.
Goals for this period are 1 for Devils vs 3 for Flyers.
Shots for this period are 10 for Devils vs 14 for Flyers.

2nd period


0:01 of 2nd period - Tyler Johnson wins face-off versus Taylor Hall in neutral zone.
0:08 of 2nd period - Snap shot by Drew Stafford.
0:08 of 2nd period - Stopped by Darcy Kuemper with a rebound.
0:33 of 2nd period - Snap shot by Jakub Voracek.
0:33 of 2nd period - Deflect By Evgeni Malkin.
0:33 of 2nd period - Shot Misses the Net.
0:33 of 2nd period - Puck is out of play.
0:34 of 2nd period - Mikko Koivu wins face-off versus Adam Burish in Devils zone.
1:32 of 2nd period - Mark Letestu is hit by Patrik Berglund and loses puck.
1:45 of 2nd period - Wrist shot by Chris Kreider.
1:45 of 2nd period - Stopped by Jimmy Howard with a rebound.
1:47 of 2nd period - Wrist shot by Niklas Kronwall.
1:47 of 2nd period - Deflect By Chris Kreider.
1:47 of 2nd period - Shot Blocked by Brent Seabrook.
1:47 of 2nd period - Puck is out of play.
1:48 of 2nd period - Tyler Johnson wins face-off versus Taylor Hall in Devils zone.
2:03 of 2nd period - Snap shot by Drew Stafford.
2:03 of 2nd period - Shot Blocked by Kris Letang.
2:05 of 2nd period - Slapshot by Tim Gleason.
2:05 of 2nd period - Stopped by Darcy Kuemper with a rebound.
2:15 of 2nd period - Snap shot by Tyler Johnson.
2:15 of 2nd period - Shot Blocked by Niklas Kronwall.
2:37 of 2nd period - Wrist shot by Jay Beagle.
2:37 of 2nd period - Shot Misses the Net.
3:01 of 2nd period - Snap shot by Jay Beagle.
3:01 of 2nd period - Shot Misses the Net.
3:03 of 2nd period - Slapshot by Mark Stuart.
3:03 of 2nd period - Stopped by Darcy Kuemper without a rebound.
3:04 of 2nd period - Patrik Berglund wins face-off versus Mikko Koivu in Flyers zone.
3:08 of 2nd period - Minor Penalty to Slava Voynov for Holding.
3:09 of 2nd period - Tyler Johnson wins face-off versus Mark Letestu in Flyers zone.
3:17 of 2nd period - Wrist shot by Drew Stafford.
3:17 of 2nd period - Goal by Drew Stafford - Devils : 2 - Flyers : 3.
3:18 of 2nd period - Bryan Little wins face-off versus Adam Burish in neutral zone.
3:40 of 2nd period - Wrist shot by Mikko Koivu.
3:40 of 2nd period - Shot Blocked by Adam Burish.
3:42 of 2nd period - Slapshot by Niklas Kronwall.
3:42 of 2nd period - Goal by Niklas Kronwall - Devils : 2 - Flyers : 4.
3:42 of 2nd period - Thomas Greiss enters game.
3:43 of 2nd period - Patrik Berglund wins face-off versus Evgeni Malkin in neutral zone.
3:52 of 2nd period - Slapshot by Patrik Berglund.
3:52 of 2nd period - Stopped by Darcy Kuemper without a rebound.
3:53 of 2nd period - Evgeni Malkin wins face-off versus Jamie McGinn in Flyers zone.
3:58 of 2nd period - Mark Stuart is hit by Taylor Hall and loses puck.
6:18 of 2nd period - Snap shot by Evgeni Malkin.
6:18 of 2nd period - Stopped by Thomas Greiss with a rebound.
6:24 of 2nd period - Slapshot by Kris Versteeg.
6:24 of 2nd period - Shot Misses the Net.
7:26 of 2nd period - Slava Voynov is hit by Mark Stuart and loses puck.
8:06 of 2nd period - Wrist shot by Drew Stafford.
8:06 of 2nd period - Shot Misses the Net.
8:08 of 2nd period - Snap shot by Drew Stafford.
8:08 of 2nd period - Stopped by Darcy Kuemper without a rebound.
8:09 of 2nd period - Chris Kreider wins face-off versus Adam Burish in Flyers zone.
8:46 of 2nd period - Slapshot by Kris Versteeg.
8:46 of 2nd period - Stopped by Darcy Kuemper with a rebound.
9:29 of 2nd period - Mark Stuart is hit by Mikko Koivu and loses puck.
9:44 of 2nd period - Wrist shot by Jamie McGinn.
9:44 of 2nd period - Stopped by Darcy Kuemper without a rebound.
9:45 of 2nd period - Tyler Johnson wins face-off versus Riley Nash in Flyers zone.
9:48 of 2nd period - Wrist shot by Drew Stafford.
9:48 of 2nd period - Stopped by Darcy Kuemper with a rebound.
9:50 of 2nd period - Slapshot by John Carlson.
9:50 of 2nd period - Stopped by Darcy Kuemper without a rebound.
9:51 of 2nd period - Tyler Johnson wins face-off versus Riley Nash in Flyers zone.
9:54 of 2nd period - Wrist shot by Drew Stafford.
9:54 of 2nd period - Stopped by Darcy Kuemper with a rebound.
9:56 of 2nd period - Slapshot by John Carlson.
9:56 of 2nd period - Deflect By Niklas Kronwall.
9:56 of 2nd period - Stopped by Darcy Kuemper without a rebound.
9:57 of 2nd period - Riley Nash wins face-off versus Drew Stafford in Flyers zone.
10:06 of 2nd period - Slapshot by Niklas Kronwall.
10:06 of 2nd period - Goal by Niklas Kronwall - Devils : 2 - Flyers : 5.
10:07 of 2nd period - Mikko Koivu wins face-off versus Tyler Johnson in neutral zone.
10:23 of 2nd period - Minor Penalty to Tyler Johnson for Hooking.
10:24 of 2nd period - Evgeni Malkin wins face-off versus Drew Stafford in Devils zone.
10:26 of 2nd period - Slapshot by Evgeni Malkin.
10:26 of 2nd period - Deflect By Taylor Hall.
10:26 of 2nd period - Shot Misses the Net.
10:26 of 2nd period - Puck is out of play.
10:27 of 2nd period - Drew Stafford wins face-off versus Evgeni Malkin in Devils zone.
10:39 of 2nd period - Slapshot by Mark Stuart.
10:39 of 2nd period - Shot Misses the Net.
10:41 of 2nd period - Slapshot by Mark Stuart.
10:41 of 2nd period - Deflect By Taylor Hall.
10:41 of 2nd period - Stopped by Darcy Kuemper with a rebound.
11:51 of 2nd period - Slapshot by Mikko Koivu.
11:51 of 2nd period - Shot Blocked by Brent Seabrook.
12:23 of 2nd period - Penalty to Tyler Johnson is over, Tyler Johnson is back on ice.
12:47 of 2nd period - Wrist shot by Chris Kreider.
12:47 of 2nd period - Stopped by Thomas Greiss with a rebound.
12:49 of 2nd period - Slapshot by Dennis Seidenberg.
12:49 of 2nd period - Shot Blocked by Tim Gleason.
12:51 of 2nd period - Backhand shot by Dennis Seidenberg.
12:51 of 2nd period - Deflect By Tim Gleason.
12:51 of 2nd period - Stopped by Thomas Greiss with a rebound.
12:53 of 2nd period - Wrist shot by Jason Chimera.
12:53 of 2nd period - Stopped by Thomas Greiss with a rebound.
12:55 of 2nd period - Wrist shot by Jason Chimera.
12:55 of 2nd period - Deflect By Mark Letestu.
12:55 of 2nd period - Stopped by Thomas Greiss with a rebound.
12:57 of 2nd period - Snap shot by Mark Letestu.
12:57 of 2nd period - Shot Misses the Net.
12:59 of 2nd period - Slapshot by Jason Chimera.
12:59 of 2nd period - Stopped by Thomas Greiss with a rebound.
13:01 of 2nd period - Slapshot by Dennis Seidenberg.
13:01 of 2nd period - Shot Blocked by Tim Gleason.
13:03 of 2nd period - Snap shot by Jason Chimera.
13:03 of 2nd period - Shot Misses the Net.
14:29 of 2nd period - Wrist shot by Bryan Little.
14:29 of 2nd period - Shot Misses the Net.
14:31 of 2nd period - Snap shot by Bryan Little.
14:31 of 2nd period - Goal by Bryan Little - Devils : 2 - Flyers : 6.
14:32 of 2nd period - Patrik Berglund wins face-off versus Mark Letestu in neutral zone.
15:10 of 2nd period - Snap shot by Tyler Johnson.
15:10 of 2nd period - Shot Misses the Net.
15:12 of 2nd period - Slapshot by John Carlson.
15:12 of 2nd period - Stopped by Darcy Kuemper with a rebound.
15:14 of 2nd period - Slapshot by Mark Stuart.
15:14 of 2nd period - Shot Misses the Net.
15:16 of 2nd period - Slapshot by John Carlson.
15:16 of 2nd period - Shot Blocked by Chris Kreider.
16:21 of 2nd period - Slapshot by Bryan Little.
16:21 of 2nd period - Stopped by Thomas Greiss with a rebound.
16:23 of 2nd period - Slapshot by Dennis Seidenberg.
16:23 of 2nd period - Deflect By Chris Mueller.
16:23 of 2nd period - Stopped by Thomas Greiss with a rebound.
16:25 of 2nd period - Slapshot by Bryan Little.
16:25 of 2nd period - Shot Misses the Net.
16:27 of 2nd period - Slapshot by Dennis Seidenberg.
16:27 of 2nd period - Shot Misses the Net.
16:29 of 2nd period - Backhand shot by Gabriel Landeskog.
16:29 of 2nd period - Stopped by Thomas Greiss with a rebound.
16:31 of 2nd period - Snap shot by Mikko Koivu.
16:31 of 2nd period - Stopped by Thomas Greiss with a rebound.
17:15 of 2nd period - Wrist shot by Patrik Berglund.
17:15 of 2nd period - Stopped by Darcy Kuemper with a rebound.
17:25 of 2nd period - Snap shot by Jamie McGinn.
17:25 of 2nd period - Shot Misses the Net.
17:27 of 2nd period - Wrist shot by Jamie McGinn.
17:27 of 2nd period - Stopped by Darcy Kuemper without a rebound.
17:28 of 2nd period - Mikko Koivu wins face-off versus Ryan Jones in Flyers zone.
18:32 of 2nd period - Ville Leino is hit by Kris Letang.
18:40 of 2nd period - John Carlson is hit by Niklas Kronwall and loses puck.
19:25 of 2nd period - Grant Clitsome is hit by P.K. Subban and loses puck.
Goals for this period are 1 for Devils vs 3 for Flyers.
Shots for this period are 16 for Devils vs 14 for Flyers.

3rd period


0:01 of 3rd period - Evgeni Malkin wins face-off versus Adam Burish in neutral zone.
0:04 of 3rd period - Backhand shot by Taylor Hall.
0:04 of 3rd period - Shot Blocked by Mark Stuart.
0:06 of 3rd period - Slapshot by Niklas Kronwall.
0:06 of 3rd period - Stopped by Thomas Greiss with a rebound.
0:22 of 3rd period - Snap shot by Evgeni Malkin.
0:22 of 3rd period - Shot Misses the Net.
1:11 of 3rd period - Wrist shot by Drew Stafford.
1:11 of 3rd period - Shot Misses the Net.
1:13 of 3rd period - Snap shot by Tyler Johnson.
1:13 of 3rd period - Shot Misses the Net.
1:15 of 3rd period - Wrist shot by Tyler Johnson.
1:15 of 3rd period - Stopped by Darcy Kuemper with a rebound.
1:19 of 3rd period - Wrist shot by Tyler Johnson.
1:19 of 3rd period - Shot Misses the Net.
1:41 of 3rd period - Minor Penalty to Gabriel Landeskog for Tripping.
1:42 of 3rd period - Mark Letestu wins face-off versus Jay Beagle in Flyers zone.
1:51 of 3rd period - Slapshot by John Carlson.
1:51 of 3rd period - Shot Misses the Net.
2:01 of 3rd period - Slapshot by John Carlson.
2:01 of 3rd period - Deflect By Jack Johnson.
2:01 of 3rd period - Stopped by Darcy Kuemper with a rebound.
2:03 of 3rd period - Snap shot by Grant Clitsome.
2:03 of 3rd period - Stopped by Darcy Kuemper with a rebound.
2:05 of 3rd period - Slapshot by Jay Beagle.
2:05 of 3rd period - Shot Blocked by Jack Johnson.
2:07 of 3rd period - Snap shot by John Carlson.
2:07 of 3rd period - Shot Misses the Net.
2:11 of 3rd period - Wrist shot by Patrik Berglund.
2:11 of 3rd period - Shot Misses the Net.
2:25 of 3rd period - Dennis Seidenberg is hit by Grant Clitsome and loses puck.
3:41 of 3rd period - Penalty to Gabriel Landeskog is over, Gabriel Landeskog is back on ice.
3:54 of 3rd period - Tim Gleason is hit by Gabriel Landeskog and loses puck.
4:11 of 3rd period - Jamie McGinn is hit by Daniel Winnik.
4:22 of 3rd period - Icing by Daniel Winnik.
4:23 of 3rd period - Jay Beagle wins face-off versus Mikko Koivu in Flyers zone.
4:26 of 3rd period - Snap shot by Kris Versteeg.
4:26 of 3rd period - Deflect By Chris Mueller.
4:26 of 3rd period - Stopped by Darcy Kuemper without a rebound.
4:27 of 3rd period - Evgeni Malkin wins face-off versus Jay Beagle in Flyers zone.
4:27 of 3rd period - Evgeni Malkin is hit by Tim Gleason.
4:55 of 3rd period - Dennis Seidenberg is hit by Mark Stuart and loses puck.
5:14 of 3rd period - Wrist shot by Ville Leino.
5:14 of 3rd period - Stopped by Darcy Kuemper with a rebound.
5:28 of 3rd period - Brent Seabrook is hit by Slava Voynov and loses puck.
6:12 of 3rd period - Matt Irwin is hit by Evgeni Malkin and loses puck.
6:46 of 3rd period - Tim Gleason is hit by Evgeni Malkin and loses puck.
7:05 of 3rd period - Minor Penalty to Mark Stuart for Roughing.
7:06 of 3rd period - Mikko Koivu wins face-off versus Drew Stafford in Devils zone.
7:23 of 3rd period - Wrist shot by Mikko Koivu.
7:23 of 3rd period - Shot Misses the Net.
7:49 of 3rd period - Brent Seabrook is hit by Taylor Hall and loses puck.
9:05 of 3rd period - Penalty to Mark Stuart is over, Mark Stuart is back on ice.
9:21 of 3rd period - Wrist shot by Adam Burish.
9:21 of 3rd period - Stopped by Darcy Kuemper with a rebound.
10:08 of 3rd period - Snap shot by Bryan Little.
10:08 of 3rd period - Stopped by Thomas Greiss with a rebound.
10:18 of 3rd period - John Carlson is hit by Bryan Little.
10:33 of 3rd period - Backhand shot by Kris Versteeg.
10:33 of 3rd period - Shot Blocked by Dennis Seidenberg.
10:35 of 3rd period - Snap shot by Chris Mueller.
10:35 of 3rd period - Shot Misses the Net.
10:50 of 3rd period - Slava Voynov is hit by Grant Clitsome and loses puck.
11:07 of 3rd period - Jason Chimera is hit by Mark Stuart.
11:39 of 3rd period - Wrist shot by Ville Leino.
11:39 of 3rd period - Shot Blocked by Kris Letang.
11:41 of 3rd period - Slapshot by Brent Seabrook.
11:41 of 3rd period - Shot Blocked by Jason Chimera.
11:43 of 3rd period - Snap shot by Ville Leino.
11:43 of 3rd period - Stopped by Darcy Kuemper with a rebound.
12:16 of 3rd period - Off-side.
12:17 of 3rd period - Tyler Johnson wins face-off versus Evgeni Malkin in neutral zone.
12:20 of 3rd period - Jack Johnson is hit by Ryan Jones and loses puck.
12:48 of 3rd period - Off-side.
12:49 of 3rd period - Patrik Berglund wins face-off versus Riley Nash in neutral zone.
13:10 of 3rd period - Wrist shot by Martin Erat.
13:10 of 3rd period - Stopped by Darcy Kuemper with a rebound.
13:12 of 3rd period - Slapshot by Grant Clitsome.
13:12 of 3rd period - Stopped by Darcy Kuemper with a rebound.
13:14 of 3rd period - Slapshot by Brent Seabrook.
13:14 of 3rd period - Stopped by Darcy Kuemper without a rebound.
13:15 of 3rd period - Jay Beagle wins face-off versus Mikko Koivu in Flyers zone.
13:23 of 3rd period - Minor Penalty to Gabriel Landeskog for Hooking.
13:24 of 3rd period - Mark Letestu wins face-off versus Tyler Johnson in Flyers zone.
13:24 of 3rd period - Mark Letestu is hit by Mark Stuart.
13:45 of 3rd period - Jack Johnson is hit by Mark Stuart and loses puck.
14:16 of 3rd period - Jay Beagle is hit by Mark Letestu and loses puck.
14:25 of 3rd period - Slapshot by John Carlson.
14:25 of 3rd period - Shot Hit the Post.
15:23 of 3rd period - Penalty to Gabriel Landeskog is over, Gabriel Landeskog is back on ice.
16:17 of 3rd period - Taylor Hall is hit by Drew Stafford and loses puck.
17:00 of 3rd period - Snap shot by Gabriel Landeskog.
17:00 of 3rd period - Shot Blocked by Brent Seabrook.
17:48 of 3rd period - Wrist shot by Alex Tanguay.
17:48 of 3rd period - Shot Blocked by P.K. Subban.
18:12 of 3rd period - Snap shot by Jamie McGinn.
18:12 of 3rd period - Stopped by Darcy Kuemper without a rebound.
18:13 of 3rd period - Jamie McGinn wins face-off versus Mark Letestu in Flyers zone.
18:47 of 3rd period - Snap shot by P.K. Subban.
18:47 of 3rd period - Shot Blocked by Tim Gleason.
19:25 of 3rd period - Ville Leino is hit by Taylor Hall and loses puck.
19:38 of 3rd period - Wrist shot by Mikko Koivu.
19:38 of 3rd period - Stopped by Thomas Greiss with a rebound.
19:40 of 3rd period - Slapshot by Niklas Kronwall.
19:40 of 3rd period - Shot Blocked by Alex Tanguay.
19:42 of 3rd period - Slapshot by Kris Letang.
19:42 of 3rd period - Stopped by Thomas Greiss with a rebound.
19:44 of 3rd period - Snap shot by Bryan Little.
19:44 of 3rd period - Shot Blocked by Grant Clitsome.
Goals for this period are 0 for Devils vs 0 for Flyers.
Shots for this period are 11 for Devils vs 4 for Flyers.


Output by the SimonT Hockey Simulator (STHS) for Eric Dolegowski -- Original Page W3C XHTML 1.0 Valid
Hockey Simulator - Hockey Simulation - Hockey Manager